 Dungeon Crawl Stone Soup version 0.29-a0-371-g91724d5b39 (webtiles) character file.

Game seed: 9090408345153835255

46 zishaf the Sneak (level 3, -6/19 HPs)
             Began as a Vine Stalker Brigand on May 2, 2022.
             Killed by divine providence
             ... invoked by an orc priest
              (12 damage)
             ... on level 3 of the Dungeon.
             The game lasted 00:02:14 (1636 turns).

zishaf the Sneak (Vine Stalker Brigand)             Turns: 1636, Time: 00:02:17

Health: -6/19      AC:  7    Str: 13    XL:     3   Next: 68%
Magic:  0/4        EV: 10    Int: 11    God:
Gold:   87         SH:  0    Dex: 17    Spells: 2/2 levels left

rFire   + . .      SeeInvis .   a - +2 dagger
rCold   . . .      Faith    .   (no shield)
rNeg    + . .      Spirit   +   o - +0 ring mail of the Weak God {rF+}
rPois   .          Reflect  .   (no helmet)
rElec   .          Harm     .   c - +0 cloak
rCorr   +          Rampage  .   l - +0 pair of gloves
Will    .....                   (no boots)
Stlth   ++........              (no amulet)
HPRegen 0.06/turn               f - ring of positive energy
MPRegen 0.09/turn               m - ring of resist corrosion

@: no status effects
A: fangs 2, magic shield, antimagic bite, no potion heal 2
a: no special abilities


You were on level 3 of the Dungeon.
You visited 1 branch of the dungeon, and saw 4 of its levels.

You collected 87 gold pieces.

Inventory:

Hand Weapons
 a - a +2 dagger (weapon)
Missiles
 d - 17 poisoned darts (quivered)
 e - 3 curare-tipped darts
 h - 5 boomerangs
Armour
 c - a +0 cloak (worn)
 l - a +0 pair of gloves (worn)
 o - the +0 ring mail of the Weak God (worn) {rF+}
   (You found it on level 2 of the Dungeon)

   rF:        It protects you from fire.
Jewellery
 f - a ring of positive energy (left hand)
 m - a ring of resist corrosion (right hand)
Wands
 b - a wand of iceblast (5)
 s - a wand of acid (11)
Scrolls
 g - 3 scrolls of identify {unknown}
 k - 2 scrolls of amnesia {unknown}
 p - a scroll of teleportation {unknown}
 r - a scroll of enchant armour {unknown}
Potions
 i - 2 potions of brilliance {unknown}
 j - a potion of curing {unknown}
 n - a potion of heal wounds {unknown}
 q - a potion of flight {unknown}


   Skills:
 + Level 2.3 Fighting
 + Level 2.3 Short Blades
 + Level 2.3 Throwing
 - Level 0.7 Dodging
 + Level 5.3 Stealth


You had 2 spell levels left.
You didn't know any spells.
Your spell library was empty.

Dungeon Overview and Level Annotations

Branches:
Dungeon (4/15)
 Temple: D:4-7

Altars:


Innate Abilities, Weirdness & Mutations

You have extremely sharp teeth.
When hurt, damage is shared between your health and your magic reserves.
Your bite disrupts and absorbs the magic of your enemies.
Potions cannot restore your health.


Message History

You hit the orc priest. You bite the orc priest. You drain its power.
The orc priest is severely wounded.
An orc comes into view. It is wielding a +0 whip.
The orc priest hits you with a +0 dagger.
You are too injured to fight recklessly!
You are too injured to fight recklessly!
You are too injured to fight recklessly!
You closely miss the orc priest.
The orc shouts!
Your bite misses the orc priest.
The orc priest is severely wounded.
The orc priest closely misses you.
You barely miss the orc priest. Your bite misses the orc priest.
The orc priest is severely wounded.
The orc priest looks satisfied for a moment.
You closely miss the orc priest.
The orc priest is severely wounded.
The orc closely misses you.
The orc priest miscasts a cantrip.
You hit the orc priest.
The orc priest is severely wounded.
The orc barely misses you. The orc priest closely misses you.
You closely miss the orc priest. You bite the orc priest. You drain its power.
The orc priest is almost dead.
The orc hits you but does no damage.
The orc priest hits you with a +0 dagger.
You hit the orc priest but do no damage.
The orc priest is almost dead.
You hit the orc priest but do no damage.
The orc priest is almost dead.
The orc hits you with a +0 whip.
The orc priest hits you but does no damage.
You hit the orc priest but do no damage.
Your bite misses the orc priest.
The orc priest is almost dead.
The orc barely misses you.
The orc priest invokes the aid of Beogh against you.
Beogh smites you!
Ouch! That really hurt!
You die...

... ##. # ..# ....##.. #.. # #.#
# ....##.. ######. # #.# #.
....##.###.##.##. #####
#.###'###...( #.#.. #..... ....#
#........... #.#.# #..#.# ....#
#........######.#'###....#
....####.......o##.............##
....'...†......o@'...............
....##..........##....#.......###
....##..........##...†.....#..#
######....########.)†.##.###..#
###### #....##.# #..# #.......#
#..# #######.# #..### #.# #..#..
#.###..'..


You could see an orc priest and an orc.

Vanquished Creatures
  An adder (D:3)
  A dart slug (D:2)
  2 orcs (D:3)
  3 giant cockroaches
  2 goblins (D:1)
  3 hobgoblins
  2 jackals (D:3)
  2 quokkas
  5 ball pythons
  3 bats
  2 frilled lizards
  3 kobolds (D:1)
  4 rats
33 creatures vanquished.

Notes
Turn   | Place    | Note
-------+----------+-------------------------------------------
     0 | D:1      | zishaf the Vine Stalker Brigand began the quest for the
                  | Orb.
     0 | D:1      | Reached XP level 1. HP: 11/11 MP: 2/2
    96 | D:1      | Reached skill level 5 in Stealth
    96 | D:1      | Reached XP level 2. HP: 3/15 MP: 1/3
  1281 | D:2      | Identified the +0 ring mail of the Weak God {rF+}
  1307 | D:2      | Reached XP level 3. HP: 18/18 MP: 4/4
  1381 | D:2      | You fall into a shaft and drop 2 floors!
  1636 | D:3      | Killed from afar by an orc priest

Illustrated notes

Levels and vault maps discovered:
D:1:      saegor_arrival_under_anarchy, layout_rooms, minivault_19
D:2:      layout_basic, minmay_misc_feat_chi
D:3:      layout_basic, ebering_ecumenical_altar_hall, chequers_arboretum,
          serial_park_tiny_pond, uniq_ijyb
D:4:      layout_basic, ebering_ghost_reflecting_pool, uniq_duvessa, uniq_pikel

Skill      XL: |  1 |
---------------+----+-----
Fighting       | 2 |  2.3
Short Blades   | 2 |  2.3
Throwing       | 2 |  2.3
Stealth        | 5 |  5.3
Dodging        | |  0.7

Action                   || total
-------------------------++-------
Melee: Dagger            ||   107
       Bite              ||    20
       Punch             ||     1
 Stab: Sleeping          ||     6
Armor: Robe              ||     9
       Ring mail         ||    33
Dodge: Dodged            ||    53

Table legend: (Time is in decaauts)
 A = Elapsed time spent in this place.
 B = Non-inter-level travel time spent in this place.
 C = Inter-level travel time spent in this place.
 D = Time resting spent in this place.
 E = Time spent auto-exploring this place.
 F = Levels seen in this place.
 G = Mean time per level.
                   A        B        C        D        E       F      G
               +--------+--------+--------+--------+--------+-----+--------+
         Total |   1624 |   1620 |      4 |      0 |   1285 |   4 |  406.0 |
       Dungeon |   1624 |   1620 |      4 |      0 |   1285 |   4 |  406.0 |
               +--------+--------+--------+--------+--------+-----+--------+

Top non-repeatable levels by time:
     D:1: 1071 daAuts
     D:2: 303 daAuts
     D:3: 237 daAuts
     D:4: 11 daAuts
